 Dungeon Crawl Stone Soup version 0.30-a0-377-g5cb311bc9f (webtiles) character file.

Game seed: 5351871704063319341

1425 porpoise the Cudgeller (level 8, -8/54 HPs)
             Began as a Gargoyle Brigand on Nov 30, 2022.
             Killed by divine providence
             ... invoked by an orc priest
              (15 damage)
             ... on level 6 of the Dungeon.
             The game lasted 00:18:24 (5394 turns).

porpoise the Cudgeller (Gargoyle Brigand)           Turns: 5394, Time: 00:18:24

Health: -8/54      AC: 19    Str: 23    XL:     8   Next: 72%
Magic:  8/8        EV: 10    Int: 12    God:
Gold:   393        SH:  5    Dex: 11    Spells: 7/7 levels left

rFire   . . .      SeeInvis .    a - +0 flail
rCold   . . .      Faith    .    (no shield)
rNeg    + . .      Spirit   .    E - +1 scale mail
rPois   ∞          Reflect  +    (no helmet)
rElec   +          Harm     .    G - +2 cloak
rCorr   .          Rampage  .    (no gloves)
Will    .....                    (no boots)
Stlth   +.........               c - amulet of reflection
HPRegen 0.29/turn                k - +6 ring of strength
MPRegen 0.11/turn                A - +4 ring of protection

@: no status effects
A: sickness immunity, AC +5, negative energy resistance 1, electricity
resistance, torment resistance 1, petrification resistance
a: no special abilities


You were on level 6 of the Dungeon.
You visited 1 branch of the dungeon, and saw 6 of its levels.

You collected 393 gold pieces.

Inventory:

Hand Weapons
 a - a +0 flail (weapon)
 w - a +1 dagger of venom
Missiles
 d - 17 poisoned darts (quivered)
 e - 3 curare-tipped darts
 I - 2 boomerangs
Armour
 E - a +1 scale mail (worn)
 G - a +2 cloak (worn)
Jewellery
 b - a ring of wizardry
 c - an amulet of reflection (around neck)
 i - a ring of fire
 k - a +6 ring of strength (left hand)
 q - a ring of fire
 A - a +4 ring of protection (right hand)
 F - the amulet "Reshraubb" {Spirit Harm Int+4}
   (You found it on level 4 of the Dungeon)

   [amulet of guardian spirit]

   It causes incoming damage to be divided between your reserves of health and
   magic.
   Int:       It affects your intelligence (+4).
   Harm:      It increases damage dealt and taken.
Wands
 u - a wand of paralysis (7)
 K - a wand of digging (5)
 L - a wand of iceblast (5)
Scrolls
 f - a scroll of brand weapon {unknown}
 g - a scroll of noise {unknown}
 h - a scroll of enchant armour
 l - a scroll of fog {unknown}
 m - a scroll of summoning {unknown}
 o - a scroll of amnesia
 p - a scroll of teleportation
 t - a scroll of vulnerability
 y - a scroll of torment {unknown}
 B - a scroll of immolation
Potions
 j - a potion of attraction
 n - 5 potions of might
 r - a potion of berserk rage
 s - a potion of haste {unknown}
 v - a potion of mutation {unknown}
 x - a potion of degeneration {unknown}
 z - 5 potions of curing
 C - a potion of brilliance {unknown}
 D - 2 potions of magic {unknown}
 H - 3 potions of heal wounds
 J - a potion of resistance {unknown}


   Skills:
 + Level 7.7 Fighting
 - Level 1.7 Short Blades
 * Level 7.8 Maces & Flails
 - Level 1.7 Throwing
 - Level 0.7 Dodging
 - Level 4.3 Stealth


You had 7 spell levels left.
You didn't know any spells.
Your spell library contained the following spells:

 Spells                   Type           Power      Damage    Failure   Level
 Gell's Gravitas          Tloc           0%         N/A       95%         3
 Lesser Beckoning         Tloc           0%         N/A       95%         3
 Teleport Other           Tloc           0%         N/A       95%         3


Dungeon Overview and Level Annotations

Branches:
Dungeon (6/15)
 Temple: D:4-7

Altars:
Makhleb
Wu Jian
Xom
The Shining One

Shops:
D:5 :   D:6 :


Innate Abilities, Weirdness & Mutations

You are immune to sickness and miasma.
Your stone body is resilient. (AC +5)
You are immune to poison.
You resist negative energy. (rN+)
You are resistant to electric shocks. (rElec)
You are resistant to unholy torment.
You are immune to petrification.


Message History

You barely miss the orc priest.
The orc priest is moderately wounded.
The orc hits you but does no damage.
The orc priest calls down the wrath of Beogh upon you.
Beogh smites you!
You hit the orc priest.
The orc priest is heavily wounded.
The orc barely misses you.
The orc priest hits you but does no damage.
You hit the orc priest.
The orc priest is almost dead.
The orc closely misses you.
An orc comes into view. It is wielding a +0 short sword.
The orc priest closely misses you.
You barely miss the orc priest.
The orc priest is almost dead.
The orc shouts!
You block the orc's attack.
The orc priest mumbles some strange prayers to Beogh against you.
Pain shoots through your body!
You barely miss the orc priest.
The orc priest is almost dead.
The orc hits you but does no damage.
The orc priest begins to cast a cantrip, but forgets the words!
You closely miss the orc priest.
The orc priest is almost dead.
The orc misses you.
The orc priest mumbles some strange prayers to Beogh against you.
Beogh smites you!
* * * LOW HITPOINT WARNING * * *
You barely miss the orc priest.
The orc priest is almost dead.
You block the orc's attack.
The orc priest hits you but does no damage.
You closely miss the orc priest.
The orc priest is almost dead.
The orc hits you but does no damage.
The orc priest mumbles some strange prayers to Beogh against you.
Beogh smites you!
You die...

#..####...####.#
#####.## #.# ♣ ..#
#.# #.# ♣ #.#
#.#####.# ## #.#
#.....#.# #. #o#
#####.#.# #. #o#
#.#.# #) #o# #.#.#
## #@#######.#.#
#.[.........####
#######............#
..............######
........#######
#########


You could see an orc priest and 2 orcs.

Vanquished Creatures
  Pikel (D:5)
  An ice beast (D:3)
  2 ogres
  A black bear (D:5)
  2 lemures (D:5)
  A phantom (D:6)
  A scorpion (D:4)
  2 howler monkeys (D:5)
  Crazy Yiuf (D:6)
  2 hounds
  A gnoll bouda (D:5)
  An orc priest (D:5)
  2 iguanas (D:5)
  An orc wizard (D:5)
  4 gnolls (D:5)
  4 adders
  An ufetubus (D:5)
  A worm (D:3)
  7 dart slugs
  16 orcs
  2 endoplasms (D:1)
  3 giant cockroaches
  3 goblins
  4 hobgoblins
  3 quokkas
  5 ball pythons
  4 bats
  4 kobolds
  7 rats
87 creatures vanquished.

Notes
Turn   | Place    | Note
-------+----------+-------------------------------------------
     0 | D:1      | porpoise the Gargoyle Brigand began the quest for the Orb.
     0 | D:1      | Reached XP level 1. HP: 12/12 MP: 1/1
   235 | D:1      | Reached XP level 2. HP: 8/18 MP: 2/2
  1060 | D:2      | Reached XP level 3. HP: 24/24 MP: 3/3
  1199 | D:2      | Found a faded altar of an unknown god.
  1859 | D:3      | Reached XP level 4. HP: 30/30 MP: 4/4
  2126 | D:3      | Noticed an ice beast
  2149 | D:3      | Killed an ice beast
  2150 | D:3      | Reached skill level 5 in Fighting
  2150 | D:3      | Reached XP level 5. HP: 35/35 MP: 5/5
  2156 | D:3      | Found a burning altar of Makhleb.
  2272 | D:3      | Found a glowing golden altar of the Shining One.
  2420 | D:4      | Found a shimmering altar of Xom.
  2468 | D:4      | Found an ornate altar of the Wu Jian Council.
  2481 | D:4      | Noticed an ogre
  2506 | D:4      | Killed an ogre
  2507 | D:4      | Reached XP level 6. HP: 11/40 MP: 6/6
  2895 | D:4      | Identified the amulet "Reshraubb" {Spirit Harm Int+4}
  3211 | D:5      | Entered Level 5 of the Dungeon
  3236 | D:5      | Found Uwerop's Book Emporium.
  3362 | D:5      | Reached XP level 7. HP: 46/46 MP: 7/7
  3444 | D:5      | Reached skill level 5 in Maces & Flails
  4837 | D:6      | Noticed Pikel
  4855 | D:5      | Reached XP level 8. HP: 52/52 MP: 8/8
  4980 | D:5      | Killed Pikel
  5216 | D:6      | Found Qampeuw's Book Shop.
  5244 | D:6      | Found a runed translucent door.
  5245 | D:6      | Noticed Crazy Yiuf
  5255 | D:6      | Killed Crazy Yiuf
  5394 | D:6      | Killed from afar by an orc priest

Illustrated notes

Levels and vault maps discovered:
D:1:      dreamdust_arrival_beginning_and_end, layout_loops_cross
D:2:      layout_basic, shapermc_ecumenical_altar_mp_ritualfount
D:3:      layout_rooms, mainiacjoe_overflow_large_starburst
D:4:      layout_loops_ring, mainiacjoe_overflow_brackets,
          amcnicky_altar_gilded, amcnicky_mini_rare_corridor_liquid
D:5:      layout_layer_cave, serial_shops, shop
D:6:      layout_loops_ring, serial_shops, shop, uniq_crazy_yiuf_cottage,
          uniq_pikel, uniq_edmund

Skill      XL: |  1  2  3  4  5  6  7  8 |
---------------+-------------------------+-----
Fighting       | 4 5 6 7 |  7.7
Maces & Flails | 2 3 4 6 7 |  7.8
Short Blades   | |  1.7
Throwing       | |  1.7
Dodging        | |  0.7
Stealth        | |  4.3

Action                   |  1- 3 |  4- 6 |  7- 9 || total
-------------------------+-------+-------+-------++-------
Melee: Dagger            |    91 |     8 |       ||    99
       Flail             |       |    88 |   151 ||   239
       Punch             |       |     1 |       ||     1
Throw: Dart              |       |    17 |     5 ||    22
  Use: Scroll            |     2 |     2 |     6 ||    10
 Stab: Sleeping          |     7 |     1 |       ||     8
Armor: Leather armour    |    32 |    28 |       ||    60
       Robe              |     1 |       |       ||     1
       Scale mail        |       |    18 |    92 ||   110
Dodge: Dodged            |    47 |    53 |    59 ||   159
Block: Other             |       |       |    25 ||    25

Table legend: (Time is in decaauts)
 A = Elapsed time spent in this place.
 B = Non-inter-level travel time spent in this place.
 C = Inter-level travel time spent in this place.
 D = Time resting spent in this place.
 E = Time spent auto-exploring this place.
 F = Levels seen in this place.
 G = Mean time per level.
                   A        B        C        D        E       F      G
               +--------+--------+--------+--------+--------+-----+--------+
         Total |   5419 |   5228 |    191 |   1400 |   2693 |   6 |  903.2 |
       Dungeon |   5419 |   5228 |    191 |   1400 |   2693 |   6 |  903.2 |
               +--------+--------+--------+--------+--------+-----+--------+

Top non-repeatable levels by time:
     D:5: 1700 daAuts
     D:1: 943 daAuts
     D:4: 930 daAuts
     D:3: 752 daAuts
     D:2: 699 daAuts
     D:6: 391 daAuts
